 Dungeon Crawl Stone Soup version 0.17-a0-1176-g3d5a0d0 (webtiles) character file.

387 Hanyuu the Insei (level 6, -9/39 HPs)
             Began as an Octopode Transmuter on May 30, 2015.
             Was an Initiate of Makhleb.
             Mangled by a wyvern (12 damage)
             ... on level 4 of the Dungeon.
             The game lasted 00:11:24 (4342 turns).

Hanyuu the Insei (Octopode Transmuter)              Turns: 4342, Time: 00:11:24

Health: -9/39      AC:  2    Str:  9    XL:     6   Next: 78%
Magic:  5/9        EV: 22    Int: 17    God:    Makhleb [......]
Gold:   320        SH:  0    Dex: 18    Spells: 3 memorised, 3 levels left

rFire  . . .     SeeInvis .       - Unarmed
rCold  . . .     Clarity  .     (shield currently unavailable)
rNeg   . . .     SustAt   .     (helmet currently unavailable)
rPois  x         Gourm    .     (no amulet)
rElec  .         Spirit   .     h - +3 ring of evasion
rCorr  .         Warding  .     (no ring)
rMut   .         Stasis   .     (no ring)
MR     .....                    (no ring)
Stlth  ++........               (no ring)
                                (no ring)
                                (no ring)
                                (no ring)

@: spider-form, drained, not resistant to hostile enchantments, unstealthy
A: almost no armour, amphibious, 8 rings, (constrict 8), (camouflage 0),
(gelatinous body 0)
a: End Transformation, Renounce Religion


You were on level 4 of the Dungeon.
You worshipped Makhleb.
Makhleb was noncommittal.
You were not hungry.
You were a venomous arachnid creature.
You visited 2 branches of the dungeon, and saw 5 of its levels.

You collected 320 gold pieces.

Inventory:

Missiles
 a - 46 arrows
 t - 5 silver javelins (quivered)
Jewellery
 h - a +3 ring of evasion (left front leg)
Magical devices
 f - a wand of enslavement (13)
 r - a wand of confusion (20)
Scrolls
 d - 2 scrolls of random uselessness {unknown}
 g - a scroll of fog {unknown}
 j - 3 scrolls of remove curse {unknown}
 l - a scroll of immolation {unknown}
 m - 5 scrolls of identify {unknown}
 n - 2 scrolls of fear {unknown}
 o - a scroll of teleportation {unknown}
 p - a scroll of brand weapon {unknown}
 q - 2 scrolls of amnesia {unknown}
Potions
 e - a potion of lignification {unknown}
 i - 5 potions of curing {unknown}
 k - 2 potions of poison {unknown}
Books
 b - a book of Changes

   Spells                             Type                      Level
   a - Beastly Appendage              Transmutation                1
   b - Sticks to Snakes               Transmutation                2
   c - Spider Form                    Transmutation/Poison         3
   d - Ice Form                       Ice/Transmutation            4
   e - Blade Hands                    Transmutation                5
 v - a book of Control

   Spells                             Type                      Level
   a - Control Teleport               Charms/Translocation         4
   b - Control Undead                 Necromancy                   4
   c - Metabolic Englaciation         Hexes/Ice                    5
   d - Mass Confusion                 Hexes                        6
Comestibles
 c - 6 bread rations
 u - a meat ration


   Skills:
 - Level 2.0(1.9) Fighting
 - Level 2.0(1.9) Dodging
 * Level 6.4(6.3) Unarmed Combat
 - Level 2.0(1.9) Spellcasting
 + Level 3.0 Transmutations
 - Level 2.0 Poison Magic


You had 3 spell levels left.
You knew the following spells:

 Your Spells              Type           Power        Failure   Level  Hunger
a - Beastly Appendage     Trmt           ##....       17%         1    #......
b - Sticks to Snakes      Trmt           ##........   24%         2    ###....
c - Spider Form           Trmt/Pois      ##........   41%         3    ###....


Dungeon Overview and Level Annotations

Branches:
Dungeon (4/15)             Temple (1/1) D:4

Altars:
Cheibriados
Dithmenos
Fedhas
Gozag
Kikubaaqudgha
Makhleb
Okawaru
Trog
Xom
Yredelemnul


Innate Abilities, Weirdness & Mutations

You cannot wear most types of armour.
You are amphibious.
You can wear up to eight rings at the same time.
((You can use your tentacles to constrict eight enemies at once.))
((Your skin changes colour to match your surroundings (Stealth).))
((Your rubbery body absorbs attacks (AC +1).))


Message History

You hit the wyvern.
The wyvern is poisoned.
The wyvern is lightly wounded.
The wyvern bites you!
You hit the wyvern but do no damage.
The wyvern is lightly wounded.
The wyvern misses you.
You bite the wyvern!
The wyvern looks even sicker.
The wyvern is heavily wounded.
The wyvern bites you!
* * * LOW HITPOINT WARNING * * *
The wyvern closely misses you.
You hit the wyvern but do no damage.
The wyvern is heavily wounded.
The wyvern closely misses you.
You bite the wyvern!
The wyvern is severely wounded.
The wyvern bites you.
* * * LOW HITPOINT WARNING * * *
The wyvern bites you!
You die...

#.......###....#
#.......# #....#
#....#### #....#
####....######....#
....>...'...##....#
####....###.##....#
...#....###.##....#
##.'....+.#.##.l..#
####....#.#.##.#s##
# #....#.#.##.#.#
#########.#.##.#.#
........#.#.##.#.#
#######.#.#.##.#.#
..........#.##.#.#
#######.###.##.#.#
............# #.#
#######.###....#


You could see a wyvern.

Vanquished Creatures
  A big kobold (D:3)
  Ijyb (D:2)
  A worker ant (D:4)
  A gnoll (D:3)
  10 adders
  4 oozes
  16 goblins
  13 hobgoblins
  7 jackals
  55 kobolds
  11 bats
  2 giant geckos
  7 giant newts
  2 quokkas
  5 rats
136 creatures vanquished.

Notes
Turn   | Place    | Note
--------------------------------------------------------------
     0 | D:1      | Hanyuu the Octopode Transmuter began the quest for the Orb.
     0 | D:1      | Reached XP level 1. HP: 13/13 MP: 3/3
   257 | D:1      | Reached XP level 2. HP: 18/18 MP: 5/5
   498 | D:1      | Reached skill level 4 in Unarmed Combat
   557 | D:1      | Reached XP level 3. HP: 16/23 MP: 6/6
   566 | D:1      | Learned a level 2 spell: Sticks to Snakes
   570 | D:1      | Learned a level 3 spell: Spider Form
  1218 | D:2      | Reached skill level 1 in Poison Magic
  1350 | D:2      | Reached XP level 4. HP: 19/28 MP: 5/7
  1701 | D:2      | Found an ancient bone altar of Kikubaaqudgha.
  1979 | D:2      | Reached skill level 5 in Unarmed Combat
  2222 | D:2      | Noticed Ijyb
  2234 | D:2      | Killed Ijyb
  2234 | D:2      | Reached XP level 5. HP: 28/33 MP: 1/8
  2452 | D:3      | Found a blossoming altar of Fedhas.
  2962 | D:3      | Reached XP level 6. HP: 34/39 MP: 5/9
  3006 | D:3      | Reached skill level 6 in Unarmed Combat
  3723 | D:3      | Found a bloodstained altar of Trog.
  4039 | D:4      | Found a staircase to the Ecumenical Temple.
  4051 | Temple   | Entered the Ecumenical Temple
  4080 | Temple   | Became a worshipper of Makhleb the Destroyer
  4334 | D:4      | Noticed a wyvern
  4342 | D:4      | Mangled by a wyvern

Vault maps used:
D:1:      tarquinn_simple_flora_water_b, serial_bayou_pond_c
D:2:      kennysheep_goblin_castle, lemuel_doored_altar, first_bread,
          grunt_ministairs_6, minmay_door_square
D:3:      minmay_goblin_kobold_castle, lightli_temple_of_fire, fedhas_altar_4
D:4:      lemuel_coloured_pillars_altar, minmay_temple_entry_glass
Temple:   temple_island_7

Action                   |  1- 3 |  4- 6 || total
-------------------------+-------+-------++-------
Melee: Unarmed           |    76 |   227 ||   303
Throw: Javelin           |       |     1 ||     1
 Cast: Beastly Appendage |     5 |    13 ||    18
       Spider Form       |     1 |     5 ||     6
 Stab: Sleeping          |     5 |    14 ||    19
  Eat: Chunk             |     2 |    10 ||    12
